AoeStats
← Michi3052

Migration

504368592Analyzed
1v1 RM · 29d ago on Sep 5, 2026· 43m 56s· 2 players
Game mode
Random Map
Map size
132×132
Population
200
Speed
Normal
Resources
Standard
Victory
Conquest
Starting age
Dark Age
Ending age
Imperial Age
RankedLock teamsTeams togetherTeam positionsShared explorationLock speedFull tech treeHidden civsTurbo modeCheats
Victory
Defeat
🇪🇸 Turks · Spain
674
+15
🇨🇱 Slavs · Chile
650
-15
blauenwolff79
11:14 Feudal Age
9:34 Loom
11:19 Feudal Age
21:03 Double-Bit Axe
25:13 Castle Age
25:50 Forging
25:46 Scale Barding Armor
25:28 Pikeman
35:40 Imperial Age
33:56 Ballistics
33:44 Murder Holes
34:22 Detinets
34:38 Horse Collar
35:44 Heavy Plow
36:55 Conscription
36:00 Light Cavalry
37:28 Bow Saw
37:37 Fletching
37:48 Padded Archer Armor
37:38 Elite Skirmisher
38:28 Husbandry
Michi3052
10:24 Loom
13:07 Feudal Age
15:59 Bloodlines
17:43 Horse Collar
21:26 Castle Age
24:49 Gold Mining
24:51 Double-Bit Axe
25:10 Heavy Plow
30:28 Imperial Age
31:51 Wheelbarrow
35:55 Hand Cart
37:01 Thumb Ring
36:52 Fletching
37:03 Padded Archer Armor
40:14 Town Watch
41:11 Conscription
42:35 Artillery
43:28 Bodkin Arrow
Connection lost

Rejoining the realm…

Still unreachable

The connection could not be restored.

Session expired

The server has moved on; the page needs a fresh start.